 Dungeon Crawl Stone Soup version 0.29.1-1-gd02db6906a (webtiles) character file.

Game seed: 11225030510790663486

15688 Earthwalker the Blocker (level 12, -38/110 HPs)
             Began as a Minotaur Fighter on Oct 12, 2022.
             Was a High Priest of Okawaru.
             Annihilated by a very large slime creature (52 damage)
             ... on level 12 of the Dungeon.
             The game lasted 00:44:59 (12757 turns).

Earthwalker the Blocker (Minotaur Fighter)         Turns: 12757, Time: 00:45:00

Health: -38/110    AC: 21    Str: 26    XL:     12   Next: 3%
Magic:  11/11      EV: 10    Int:  5    God:    Okawaru [*****.]
Gold:   595        SH: 11    Dex: 10    Spells: 11/11 levels left

rFire   + . .      SeeInvis .   t - +2 trident (flame)
rCold   x . .      Faith    .   c - +0 buckler
rNeg    . . .      Spirit   .   n - +0 plate armour
rPois   .          Reflect  +   (helmet restricted)
rElec   .          Harm     .   E - +2 cloak {Will+}
rCorr   +          Rampage  .   o - +1 pair of gloves
Will    +....                   (no boots)
Stlth   ..........              F - amulet of reflection
HPRegen 0.28/turn               u - ring of fire
MPRegen 0.12/turn               S - ring of resist corrosion

@: no status effects
A: horns 2, retaliatory headbutt
a: Renounce Religion, Heroism, Finesse, Duel


You were on level 12 of the Dungeon.
You worshipped Okawaru.
Okawaru was extremely pleased with you.
You visited 2 branches of the dungeon, and saw 13 of its levels.

You collected 595 gold pieces.

Inventory:

Hand Weapons
 a - a +0 trident
 r - a +1 vorpal spear
 t - a +2 trident of flaming (weapon)
Missiles
 j - 29 poisoned darts
 s - 3 boomerangs (quivered)
 v - a throwing net
 T - a silver javelin
Armour
 b - a +0 scale mail
 c - a +0 buckler (worn)
 f - a +1 tower shield
 k - a scarf of shadows
 n - a +0 plate armour (worn)
 o - a +1 pair of gloves (worn)
 E - a +2 cloak of willpower (worn)
 K - a +0 hat
Jewellery
 u - a ring of fire (left hand)
 C - the ring "Viacuwago" {rN+ Str+2 Int-4 Slay+4}
   (You took it off an orc on level 5 of the Dungeon)

   [ring of slaying]

   Str:       It affects your strength (+2).
   Int:       It affects your intelligence (-4).
   Slay:      It affects your accuracy & damage with ranged weapons and melee
   (+4).
   rN:        It protects you from negative energy.
 F - an amulet of reflection (around neck)
 Q - a ring of ice
 S - a ring of resist corrosion (right hand)
Wands
 x - a wand of flame (26)
 H - a wand of paralysis (10)
Scrolls
 e - 4 scrolls of noise
 g - 3 scrolls of enchant armour
 p - 4 scrolls of teleportation
 y - 2 scrolls of enchant weapon {unknown}
 A - a scroll of fear
 I - 2 scrolls of magic mapping
 J - 2 scrolls of silence {unknown}
 L - 3 scrolls of blinking {unknown}
 M - 2 scrolls of identify
 O - 2 scrolls of immolation
Potions
 d - a potion of might
 h - 2 potions of cancellation
 i - 2 potions of flight
 l - 2 potions of brilliance
 m - 5 potions of degeneration
 q - 2 potions of lignification {unknown}
 w - 2 potions of berserk rage {unknown}
 z - a potion of magic {unknown}
 B - a potion of invisibility {unknown}
 D - 3 potions of attraction {unknown}
 G - a potion of resistance {unknown}
 N - 2 potions of curing {unknown}
 P - 2 potions of heal wounds {unknown}
 R - a potion of mutation {unknown}


   Skills:
 * Level 11.2 Fighting
 * Level 10.9 Polearms
 * Level 11.2 Armour
 * Level 9.6 Dodging
 * Level 11.2 Shields


You had 11 spell levels left.
You didn't know any spells.
Your spell library contained the following spells:

 Spells                   Type           Power      Damage    Failure   Level
 Sandblast                Erth           0%         2d4       99%         1
 Shock                    Conj/Air       0%         1d3       99%         1
 Passwall                 Tmut/Erth      0%         N/A       100%        2
 Dazzling Flash           Conj/Hex       0%         N/A       100%        3
 Stone Arrow              Conj/Erth      0%         3d7       100%        3
 Swiftness                Air            0%         N/A       100%        3
 Airstrike                Air            0%         2d(0-16)  100%        4
 Iskenderun's Mystic Bla  Conj/Tloc      0%         2d3       100%        4
 Starburst                Conj/Fire      0%         6d3       100%        6


Dungeon Overview and Level Annotations

Branches:
Dungeon (12/15)            Temple (1/1) D:6            Lair (0/5) D:8
    Orc: D:9-12

Altars:
Ashenzari
Cheibriados
Dithmenos
Elyvilon
Fedhas
Gozag
Hepliaklqana
Kikubaaqudgha
Makhleb
Nemelex Xobeh
Okawaru
Qazlal
Ru
Sif Muna
Trog
Uskayaw
Vehumet
Wu Jian
Xom
Yredelemnul
Zin
The Shining One

Shops:
D:1 [   D:2 *   D:8 [   D:11 *

Annotations:
D:4 2 transporters, kalagan's ghost, amateur DECj
D:9 3 runed translucent doors, exclusion: orange crystal statue, bogdani's ghost, journeyman HOBe
D:11 3 runed translucent doors, Juza's ghost, journeyman GrFi


Innate Abilities, Weirdness & Mutations

You have a pair of horns on your head.
You reflexively headbutt those who attack you in melee.


Message History

Your headbutt misses the very large slime creature.
The very large slime creature is lightly wounded.
You hit the very large slime creature. You burn the very large slime creature.
You headbutt the very large slime creature.
The very large slime creature is lightly wounded.
The very large slime creature hits you but does no damage.
You puncture the very large slime creature!
You burn the very large slime creature.
The very large slime creature is moderately wounded.
You block the very large slime creature's attack.
You puncture the very large slime creature!
You burn the very large slime creature.
Your headbutt misses the very large slime creature.
The very large slime creature is moderately wounded.
You hit the very large slime creature. You burn the very large slime creature.
Your headbutt misses the very large slime creature.
The very large slime creature is moderately wounded.
The very large slime creature closely misses you.
You puncture the very large slime creature!
You burn the very large slime creature.
You headbutt the very large slime creature!
The very large slime creature is heavily wounded.
The very large slime creature hits you!!
You puncture the very large slime creature!
You burn the very large slime creature.
You headbutt the very large slime creature.
The very large slime creature is heavily wounded.
A slime creature comes into view.
The very large slime creature hits you!
A slime creature comes into view.
The very large slime creature attacks as you move away!
The very large slime creature hits you!!!
* * * LOW HITPOINT WARNING * * *
The very large slime creature attacks as you move away!
The very large slime creature barely misses you.
You furiously retaliate!
You headbutt the very large slime creature, but do no damage.
The very large slime creature attacks as you move away!
The very large slime creature hits you!!!
You die...
JJ.

............... #.#
###............ #.#
#............ #.+
#............ ##.#
#............
#..######..####......
###..........#
#......
#.....J......#
#######
#.....@......#
#............#
...............#
................#
...########.....# ...
#.....# .. #......
......


You could see a very large slime creature.

Vanquished Creatures
  Gastronok (D:8)
  Erica (D:10)
  3 two-headed ogres
  An ugly thing (D:11)
  2 cyclopes
  Maurice (D:8)
  A gargoyle (D:11)
  2 kobold demonologists (D:9)
  An unseen horror (D:10)
  2 komodo dragons
  A troll (D:11)
  3 hornets (D:9)
  Sigmund (D:5)
  Grinder (D:5)
  3 wyverns
  A wraith (D:10)
  6 yaks
  2 basilisks (D:11)
  4 steam dragons
  2 acid dragons
  2 water moccasins (D:8)
  2 ice beasts
  5 sky beasts
  3 black bears
  2 ogres
  3 wolves
  4 centaurs
  3 kobold brigands
  3 phantoms
  A bullfrog (D:7)
  3 necrophages (D:7)
  A gnoll sergeant (D:6)
  4 scorpions
  16 wights
  21 killer bees
  An electric eel (D:7)
  A howler monkey (D:8)
  A lava snake (D:8)
  7 orc priests
  Crazy Yiuf (D:5)
  A hound (D:6)
  An iron imp (D:7)
  A jelly (D:7)
  6 orc wizards
  4 iguanas
  18 gnolls
  11 adders
  2 shadow imps
  A white imp (D:7)
  3 worms
  A dart slug (D:1)
  23 orcs
  4 ball pythons
  9 endoplasms
  A giant cockroach (D:4)
  3 hobgoblins
  8 jackals
  17 kobolds
  6 quokkas
  6 bats
  A frilled lizard (D:3)
  8 goblins
  2 goblin skeletons (D:7)
  A goblin zombie (D:7)
  2 hobgoblin zombies (D:7)
  2 kobold zombies (D:7)
  An orc skeleton (D:7)
  3 rats (D:2)
269 creatures vanquished.

Vanquished Creatures (others)
  3 killer bees (D:7)
  An iguana (D:7)
  A kobold (D:9)
  6 fungi
  31 plants
42 creatures vanquished.

Grand Total: 311 creatures vanquished

Notes
Turn   | Place    | Note
-------+----------+-------------------------------------------
     0 | D:1      | Earthwalker the Minotaur Fighter began the quest for the
                  | Orb.
     0 | D:1      | Reached XP level 1. HP: 19/19 MP: 0/0
   106 | D:1      | Reached XP level 2. HP: 23/27 MP: 1/1
   212 | D:1      | Found Coasedaz's Armour Shop.
   894 | D:2      | Found a white marble altar of Elyvilon.
  1042 | D:2      | Reached XP level 3. HP: 22/33 MP: 2/2
  1051 | D:2      | Reached skill level 1 in Dodging
  1293 | D:2      | Reached XP level 4. HP: 9/40 MP: 3/3
  1563 | D:2      | Found a faded altar of an unknown god.
  1881 | D:2      | Found Suyser's General Store.
  2121 | D:3      | Found a broken altar of Ashenzari.
  2125 | D:3      | Saw a vision of the Swamp and the Snake Pit.
  2125 | D:3      | Noticed a naga
  2125 | D:3      | Noticed a black mamba
  2125 | D:3      | Noticed a naga
  2125 | D:3      | Noticed a black mamba
  2125 | D:3      | Noticed a black mamba
  2125 | D:3      | Noticed a naga
  2125 | D:3      | Noticed a naga ritualist
  2125 | D:3      | Noticed a swamp drake
  2125 | D:3      | Noticed an alligator
  2125 | D:3      | Noticed an eight-headed hydra
  2125 | D:3      | Noticed a bloated husk
  2125 | D:3      | Noticed a goliath frog
  2127 | D:3      | Noticed a spriggan rider
  2127 | D:3      | Noticed a six-headed hydra
  2315 | D:3      | Reached XP level 5. HP: 37/47 MP: 4/4
  2592 | D:3      | Found a bloodstained altar of Trog.
  2796 | D:3      | Found a stormy altar of Qazlal.
  2999 | D:4      | Noticed a phantom
  3017 | D:4      | Killed a phantom
  3018 | D:4      | Reached skill level 5 in Shields
  3018 | D:4      | Reached XP level 6. HP: 55/55 MP: 5/5
  3083 | D:4      | Reached skill level 5 in Fighting
  3123 | D:4      | Reached skill level 5 in Armour
  3566 | D:4      | Reached XP level 7. HP: 40/61 MP: 6/6
  3853 | D:4      | Noticed kalagan's ghost (amateur DECj)
  3854 | D:4      | Found a transporter.
  3854 | D:4      | Identified the +8 great mace of Hubris {vorpal, Stlth+}
  3864 | D:4      | Found a transporter.
  4143 | D:5      | Entered Level 5 of the Dungeon
  4499 | D:5      | Reached skill level 5 in Polearms
  4680 | D:5      | Found a sparkling altar of Nemelex Xobeh.
  4685 | D:5      | Noticed Sigmund
  4694 | D:5      | Killed Sigmund
  4695 | D:5      | Reached XP level 8. HP: 49/70 MP: 7/7
  4704 | D:5      | Identified the ring "Viacuwago" {rN+ Str+2 Int-4 Slay+4}
  5138 | D:5      | Noticed Grinder
  5149 | D:5      | Killed Grinder
  5491 | D:5      | Found a runed translucent door.
  5492 | D:5      | Noticed Crazy Yiuf
  5499 | D:5      | Killed Crazy Yiuf
  6026 | D:6      | Reached skill level 5 in Dodging
  6054 | D:6      | Found a staircase to the Ecumenical Temple.
  6171 | Temple   | Entered the Ecumenical Temple
  6804 | D:7      | Reached XP level 9. HP: 79/79 MP: 8/8
  6947 | D:7      | Found a glowing golden altar of the Shining One.
  7501 | D:7      | Found a hide-covered altar of Uskayaw.
  7564 | D:8      | Found Tokkox's Armour Shoppe.
  7809 | D:8      | Found an iron altar of Okawaru.
  7809 | D:8      | Found a hazy altar of Hepliaklqana.
  7814 | D:8      | Became a worshipper of Warmaster Okawaru
  7838 | D:8      | Noticed Maurice
  7847 | D:8      | Killed Maurice
  8136 | D:8      | Reached XP level 10. HP: 90/90 MP: 9/9
  8157 | D:8      | Noticed a two-headed ogre
  8168 | D:7      | Reached * piety under Okawaru
  8262 | D:8      | Killed a two-headed ogre
  8271 | D:8      | Found a staircase to the Lair.
  8357 | D:8      | Noticed Gastronok
  8372 | D:8      | Killed Gastronok
  8372 | D:8      | Reached ** piety under Okawaru
  8430 | D:9      | Noticed an 11-headed hydra
  8430 | D:9      | Noticed bogdani's ghost (journeyman HOBe)
  8430 | D:9      | Found a runed translucent gate.
  8430 | D:9      | Found a runed translucent gate.
  8430 | D:9      | Found a runed translucent gate.
  8444 | D:9      | Noticed an orange crystal statue
  8541 | D:9      | Noticed a rust devil
  8641 | D:9      | Reached *** piety under Okawaru
  8704 | D:9      | Reached XP level 11. HP: 88/99 MP: 10/10
  8953 | D:9      | Reached skill level 10 in Fighting
  8953 | D:9      | Reached skill level 10 in Shields
  8995 | D:9      | Reached skill level 10 in Armour
  9412 | D:9      | Reached **** piety under Okawaru
  9724 | D:10     | Entered Level 10 of the Dungeon
  9975 | D:10     | Found a shadowy altar of Dithmenos.
 10006 | D:10     | Noticed a two-headed ogre
 10014 | D:10     | Killed a two-headed ogre
 10096 | D:10     | Reached skill level 10 in Polearms
 10491 | D:10     | Noticed Erica
 10496 | D:10     | Killed Erica
 10496 | D:10     | Reached ***** piety under Okawaru
 10710 | D:11     | Noticed a purple ugly thing
 10724 | D:11     | Killed a purple ugly thing
 10831 | D:11     | Found a runed translucent gate.
 10831 | D:11     | Found a runed translucent gate.
 11409 | D:11     | Found Jarghu's Pet Rocks.
 11968 | D:11     | Found a runed translucent gate.
 11970 | D:11     | Found an opulent altar of Gozag.
 11970 | D:11     | Noticed a rakshasa
 11972 | D:11     | Noticed a deep troll earth mage
 11972 | D:11     | Noticed a seven-headed hydra
 11972 | D:11     | Noticed Juza's ghost (journeyman GrFi)
 12243 | D:12     | Noticed a two-headed ogre
 12252 | D:12     | Noticed a deep elf pyromancer
 12257 | D:11     | Killed a two-headed ogre
 12257 | D:11     | Received a gift from Okawaru
 12510 | D:12     | Reached XP level 12. HP: 66/110 MP: 11/11
 12757 | D:12     | Annihilated by a very large slime creature

Illustrated notes

Levels and vault maps discovered:
D:1:      dpeg_arrival_brainrot, layout_basic, serial_shops, nicolae_shop_trees,
          chequers_serial_rivers_micro_b, moated_statue
D:2:      layout_loops_ring, hellmonk_ecumenical_altar_slurped_away,
          serial_shops, shop_statue, basic_altar
D:3:      layout_loops_ring, grunt_qazlal_clouds, mainiacjoe_overflow_catwalk,
          grunt_ashenzari_visionary [grunt_ashenzari_visionary_swamp,
          grunt_ashenzari_visionary_snake], grunt_ministairs_5
D:4:      layout_cave_pods, gammafunk_ghost_smash
D:5:      layout_basic, mainiacjoe_overflow_chevrons, serial_bayou_ford_a,
          uniq_grinder, uniq_sigmund, uniq_crazy_yiuf_cottage
D:6:      layout_cave_pools, minmay_temple_entry_antechambers
D:7:      layout_loops_cross, kennysheep_little_box,
          nicolae_tso_besieged_by_evil, minivault_4, lemuel_flamethrower_2
D:8:      layout_gridville, nicolae_overflow_two_pavilions,
          minmay_lair_entry_grove, serial_shops, nicolae_stop_n_shop_2,
          amcnicky_mini_rare_corridor_liquid, uniq_gastronok, uniq_maurice
D:9:      layout_gridville, orc_0_dummy, gammafunk_ghost_hydra_chop,
          minmay_misc_feat_encased, minivault_16, hangedman_misty_isle
D:10:     layout_small_grid, grunt_dithmenos_smoke_and_mirrors, corner_web_ring,
          chequers_mini_garden, uniq_erica
D:11:     layout_roguey, serial_rivers, chequers_serial_rivers_large_b,
          chequers_serial_rivers_micro_e, chequers_serial_rivers_small_a,
          chequers_serial_rivers_small_b, chequers_serial_rivers_small_a,
          chequers_serial_rivers_large_a, ebering_ghost_gozag,
          guppyfry_shop_earth
D:12:     layout_irregular_city, doesnt_xom_only_xom
Temple:   compressed_dpeg_triangle_lava_temple

Skill      XL: |  1  2  3  4  5  6  7  8  9 10 11 |
---------------+----------------------------------+-----
Fighting       | 4 5 6 7 8 9 11 | 11.2
Armour         | 4 5 6 7 8 9 11 | 11.2
Shields        | 4 5 6 7 8 9 11 | 11.2
Polearms       | 3 4 5 6 8 9 10 | 10.9
Dodging        | 1 2 3 4 5 6 8 9 |  9.6

Action                   |  1- 3 |  4- 6 |  7- 9 | 10-12 || total
-------------------------+-------+-------+-------+-------++-------
Melee: Trident           |    84 |   163 |   346 |   418 ||  1011
       Headbutt          |    11 |    24 |    45 |    65 ||   145
Throw: Dart              |       |     7 |       |     6 ||    13
       Boomerang         |       |       |       |    16 ||    16
  Use: Scroll            |     4 |     1 |     9 |       ||    14
Armor: Scale mail        |     1 |       |       |       ||     1
       Plate armour      |    32 |    73 |   157 |   171 ||   433
Dodge: Dodged            |    19 |    37 |    79 |   107 ||   242
Block: Buckler           |     8 |    31 |   102 |   154 ||   295
       Reflection        |       |       |     2 |    18 ||    20
